 Dungeon Crawl Stone Soup version 0.25.0-11-g1f837a76a1 (webtiles) character file.

Game seed: 5428443726102109043

94 Miyakonosakura the Skirmisher (level 4, -5/41 HPs)
             Began as a Draconian Berserker on June 23, 2020.
             Was a Believer of Trog.
             Slain by a gnoll
             ... wielding a +0 halberd
              (11 damage)
             ... while paralysed
             ... on level 2 of the Dungeon on June 24, 2020.
             The game lasted 00:32:49 (2287 turns).

Miyakonosakura the Skirmisher (Draconian Berserker) Turns: 2287, Time: 00:32:49

Health: -5/41      AC:  5    Str: 20    XL:     4   Next: 38%
Magic:  4/4        EV:  2    Int:  7    God:    Trog [**....]
Gold:   82         SH:  0    Dex: 11    Spells: 3/3 levels left

rFire    . . .     SeeInvis .   a - +0 spear
rCold    . . .     Gourm    .   (no shield)
rNeg     . . .     Faith    .   (armour unavailable)
rPois    .         Spirit   .   (helmet restricted)
rElec    .         Reflect  .   (no cloak)
rCorr    .         Harm     .   (no gloves)
MR       .....                  (no boots)
Stlth    +.........             (no amulet)
HPRegen  0.13/turn              (no ring)
MPRegen  0.09/turn              (no ring)

@: paralysed, berserk cooldown, slowed
A: unfitting armour, cold-blooded, AC +5
a: Berserk, Trog's Hand, Renounce Religion


You were on level 2 of the Dungeon.
You worshipped Trog.
Trog was pleased with you.
You were hungry.

You visited 1 branch of the dungeon, and saw 2 of its levels.

You collected 82 gold pieces.

Inventory:

Hand Weapons
 a - a +0 spear (weapon)
Missiles
 c - 44 sling bullets
 d - 98 stones (quivered)
Jewellery
 e - an uncursed ring of positive energy {unknown}
Scrolls
 g - a scroll of fear
 i - 3 scrolls of teleportation {unknown}
 j - a scroll of remove curse {unknown}
Potions
 h - a potion of curing {unknown}
 k - a potion of flight {unknown}
 l - a potion of berserk rage
 m - a potion of heal wounds {unknown}
Comestibles
 b - 6 rations
 f - 4 chunks of flesh


   Skills:
 + Level 4.7 Fighting
 - Level 3.0 Polearms
 + Level 3.8 Dodging


You had 3 spell levels left.
You didn't know any spells.
Your spell library was empty.

Dungeon Overview and Level Annotations

Branches:
Dungeon (2/15)

Altars:


Innate Abilities, Weirdness & Mutations

Your plain brown scales are hard. (AC +5)
You cannot fit into any form of body armour.
You are cold-blooded and may be slowed by cold attacks.


Message History

You reach to attack!
You hit the gnoll.
The gnoll is severely wounded.
The gnoll hits you from afar with a +0 halberd!
A red film seems to cover your vision as you go berserk!
You feel yourself moving faster!
You feel mighty!
You are feeling hungry.
The gnoll hits you from afar with a +0 halberd.
You are too injured to fight recklessly!
You are too injured to fight recklessly!
You are too injured to fight recklessly!
You are too injured to fight recklessly!
You are too berserk!
You feel a strong urge to attack something.
You feel your anger nearly subside.
You are no longer berserk.
You pass out from exhaustion.
You feel yourself slow down.
The gnoll hits you from afar with a +0 halberd!
* * * LOW HITPOINT WARNING * * *
The gnoll hits you from afar with a +0 halberd!
You die...

######..........#######
########...# ##.##
####### #.# #......
#######.# #.#####
###...g((.# #.# #
##.#g#####.# #.#####
#.#....# #.# #.#...รท
##.#@#.###)## #.#.###
#.#.#.##...###.#.###
#.#.#...............
#.#........#########
#.#######.## #. #####.#
#.# #. #.....# #.# #.
#.##### ##'## #. #.#
##...## #.


You could see a gnoll.

Vanquished Creatures
  2 gnolls (D:2)
  3 oozes (D:1)
  2 dart slugs (D:1)
  2 leopard geckos (D:1)
  A ball python (D:2)
  3 giant cockroaches
  9 goblins
  7 hobgoblins
  2 jackals (D:1)
  5 kobolds (D:1)
  5 bats
  5 frilled lizards
  8 rats
54 creatures vanquished.

Notes
Turn   | Place    | Note
-------+----------+-------------------------------------------
     0 | D:1      | Miyakonosakura the Draconian Berserker began the quest for
                  | the Orb.
     0 | D:1      | Reached XP level 1. HP: 19/19 MP: 1/1
   319 | D:1      | Reached XP level 2. HP: 26/26 MP: 2/2
   550 | D:1      | Reached skill level 4 in Fighting
   684 | D:1      | Reached XP level 3. HP: 32/33 MP: 3/3
   695 | D:1      | Reached ** piety under Trog
  1072 | D:1      | Upgraded the game from 0.25.0-10-g039870ee82 to
                  | 0.25.0-11-g1f837a76a1
  1635 | D:2      | Reached XP level 4. HP: 39/41 MP: 4/4
  2287 | D:2      | Slain by a gnoll

Illustrated notes

Levels and vault maps discovered:
D:1:      minmay_arrival_split_and_join, layout_basic, minmay_tetromino_t4
D:2:      layout_loops_corners

Skill      XL: |  1  2 |
---------------+-------+-----
Dodging        | 3 |  3.8
Fighting       | 4 |  4.7
Polearms       | |  3.0

Action                   |  1- 3 |  4- 6 || total
-------------------------+-------+-------++-------
Melee: Spear             |   140 |    27 ||   167
       Tailslap          |    16 |     2 ||    18
Throw: Stone             |     2 |    18 ||    20
Invok: Trog's Hand       |     1 |       ||     1
       Berserk           |       |     2 ||     2
  Use: Scroll            |     5 |       ||     5
 Stab: Distracted        |     1 |       ||     1
  Eat: Chunk             |     3 |     3 ||     6
Armor: Skin              |    19 |     2 ||    21
Dodge: Dodged            |    68 |    15 ||    83
